 Dungeon Crawl Stone Soup version 0.25.0-46-gbd7b0854d2 (webtiles) character file.

Game seed: 17296004302067071357

9407 raith the Spear-Bearer (level 11, -14/83 HPs)
             Began as a Demonspawn Fighter on July 9, 2020.
             Was a Believer of Wu Jian.
             Demolished by a sun demon (19 damage)
             ... summoned by an orc high priest
             ... summoned by an orange crystal statue
             ... on level 2 of the Orcish Mines on July 17, 2020.
             The game lasted 00:33:12 (9805 turns).

raith the Spear-Bearer (Demonspawn Fighter)         Turns: 9805, Time: 00:33:12

Health: -14/83     AC: 14    Str: 20      XL:     11   Next: 22%
Magic:  0/11       EV:  6    Int:  2 (9)  God:    Wu Jian [**....]
Gold:   544        SH:  0    Dex: 13      Spells: 10/10 levels left

rFire    . . .     SeeInvis .   A - +4 demon trident (vamp)
rCold    + . .     Gourm    .   c - +0 kite shield
rNeg     . . .     Faith    .   w - +0 plate armour
rPois    .         Spirit   +   (no helmet)
rElec    .         Reflect  .   t - +0 cloak
rCorr    .         Harm     .   (no gloves)
MR       +....                  (no boots)
Stlth    ..........             m - amulet of the acrobat
HPRegen  0.23/turn              j - ring of stealth
MPRegen  0.12/turn              F - ring of protection from magic

@: confused
A: talons 2, large bone plates 2, cold resistance 1, magic shield, freezing
cloud immunity
a: Wall Jump, Renounce Religion


You were on level 2 of the Orcish Mines.
You worshipped Wu Jian.
Wu Jian was pleased with you.
You were not hungry.

You visited 3 branches of the dungeon, and saw 12 of its levels.
You also visited: Sewer.

You collected 643 gold pieces.
You spent 99 gold pieces at shops.

Inventory:

Hand Weapons
 a - a +0 long sword
 r - a +2 spear of venom
 v - a +0 whip of venom
 y - the +9 whip of the Pillar {freeze, rElec, unknown}
   (You found it on level 4 of the Dungeon)

   It has been specially enchanted to freeze those struck by it, causing extra
   injury to most foes and up to half again as much damage against particularly
   susceptible opponents.
   It can also slow down cold-blooded creatures.
   It insulates you from electricity.
 A - a +4 vampiric demon trident (weapon)
Armour
 c - a +0 kite shield (worn)
 t - a +0 cloak (worn)
 w - a +0 plate armour (worn)
Magical Staves
 H - an uncursed staff of summoning {unknown}
Jewellery
 j - a ring of stealth (left hand)
 l - a cursed ring of teleportation {unknown}
 m - an amulet of the acrobat (around neck)
 s - an uncursed ring of stealth
 u - an uncursed amulet of regeneration {unknown}
 F - a ring of protection from magic (right hand)
 K - a cursed amulet of inaccuracy {unknown}
Wands
 b - a wand of flame (6)
 e - a wand of enslavement (7)
 C - a wand of digging (7)
 E - a wand of polymorph (5)
Scrolls
 g - 2 scrolls of teleportation
 i - 3 scrolls of blinking
 o - a scroll of magic mapping
 D - 2 scrolls of remove curse
 I - a scroll of fear
Potions
 d - 3 potions of might
 h - 5 potions of flight {unknown}
 k - 2 potions of ambrosia
 n - a potion of magic {unknown}
 p - 2 potions of cancellation {unknown}
 q - 2 potions of resistance {unknown}
 x - 3 potions of curing
 z - 2 potions of stabbing {unknown}
 G - a potion of heal wounds
 J - a potion of degeneration {unknown}
Comestibles
 f - 12 rations
 B - 2 chunks of flesh


   Skills:
 + Level 6.5 Fighting
 - Level 2.5 Long Blades
 * Level 11.0 Polearms
 + Level 6.7 Armour
 + Level 2.8 Dodging
 + Level 2.0 Stealth
 + Level 7.8 Shields


You had 10 spell levels left.
You didn't know any spells.
Your spell library contained the following spells:

 Spells                   Type           Power        Failure   Level  Hunger
 Petrify                  Tmut/Erth      #.......     100%        4    #####..
 Statue Form              Tmut/Erth      #........    100%        6    #######
 Shatter                  Erth           #.........   100%        9    #######


Dungeon Overview and Level Annotations

Branches:
Dungeon (9/15)             Temple (1/1) D:6             Orc (2/2) D:9
    Elf (0/3) Orc:2         Sewer (visited)
   Lair: D:8-11

Altars:
Ashenzari
Cheibriados
Dithmenos
Elyvilon
Fedhas
Gozag
Hepliaklqana
Kikubaaqudgha
Makhleb
Nemelex Xobeh
Okawaru
Qazlal
Ru
Sif Muna
Trog
Uskayaw
Vehumet
Wu Jian
Xom
Yredelemnul
Zin
The Shining One

Shops:
D:5 !

Annotations:
Orc:2 1 runed translucent door, exclusion: 4 orange crystal statues


Innate Abilities, Weirdness & Mutations

You have razor-sharp toenails.
You are mostly covered in large bone plates. (SH +6)
Your flesh is cold resistant. (rC+)
When hurt, damage is shared between your health and your magic reserves.
You are immune to freezing clouds.


Message History

The orc priest invokes the aid of Beogh against you.
Beogh smites you! The orc wizard casts a spell at you.
The magic dart hits you but does no damage.
Something hits you.
The orange crystal statue fixes its piercing gaze on you.
The orange crystal statue glitters.
You resist with almost no effort.
You barely miss something. Your kick misses something. The warg bites you.
The orc wizard hits you but does no damage.
The orc wizard barely misses you.
The orc wizard casts a spell.
The orc wizard flickers and vanishes!
Something hits you.
The orange crystal statue glitters topaz in the dim dungeon light.
You hit the orc wizard.
The orc wizard is lightly wounded.
The sun demon hits you!!
* * * LOW HITPOINT WARNING * * *
You are engulfed in flames!!
You die...

##.....#...#....
#....##........#
##...........>...
#...........................
#.......§o..................
#....####{####..............
#....#8O4ooo8#..............
##...#.#ooh#o#..............
#....#..oo3@o#..............
#....#..hooo{#..............
##...#...oooo#..............
#....#.#..o#.#.##...........
#....#8.....8#.##...........
#....####+####..#...........
#...........................
#.......#######.#...........
#........# ##............


You could see 4 orange crystal statues, a sun demon (summoned), an ice devil
(summoned), 2 wargs, 4 orc warriors, an ogre (summoned), 3 orc priests, 3 orc
wizards and 7 orcs.

Vanquished Creatures
  2 hydras
  A deep elf mage (D:7)
  Joseph (D:7)
  A gargoyle (D:7)
  Maggie (D:8)
  A troll (Orc:1)
  A hippogriff (D:7)
  A yak (D:7)
  Sigmund (D:3)
  Eustachio (D:6)
  A human (D:7)
  A hungry ghost (D:7)
  3 hogs (D:7)
  A warg (Orc:1)
  An acid dragon (D:6)
  A water moccasin (D:8)
  9 orc warriors
  4 ice beasts
  A phantom (D:5)
  10 ogres
  4 sky beasts
  5 centaurs
  2 bullfrogs
  A big kobold (Sewer)
  A wyvern skeleton (D:7)
  2 scorpions
  A howler monkey (D:4)
  2 crimson imps (D:5)
  Crazy Yiuf (D:2)
  5 hounds
  A centaur skeleton (D:5)
  9 orc priests
  A jelly (D:7)
  12 orc wizards
  A bullfrog skeleton (D:5)
  Jessica (D:2)
  4 worker ants (D:7)
  4 iguanas
  Natasha (thrice) (D:2)
  10 adders
  4 gnolls (D:4)
  2 river rats (Sewer)
  2 shadow imps
  3 oozes
  2 adder zombies
  3 dart slugs
  2 worms
  6 leopard geckos
  47 orcs
  7 ball pythons
  15 bats
  10 giant cockroaches
  12 goblins
  6 hobgoblins
  16 jackals
  2 quokkas
  7 frilled lizards (D:1)
  8 kobolds
  2 quokka skeletons (D:5)
  12 rats
281 creatures vanquished.

Notes
Turn   | Place    | Note
-------+----------+-------------------------------------------
     0 | D:1      | raith the Demonspawn Fighter began the quest for the Orb.
     0 | D:1      | Reached XP level 1. HP: 18/18 MP: 1/1
     0 | D:1      | Upgraded the game from 0.25.0-37-gb73750e0fb to
                  | 0.25.0-46-gbd7b0854d2
   206 | D:1      | Gained mutation: You are partially covered in large bone
                  | plates. (SH +4) [demonic ancestry]
   206 | D:1      | Reached XP level 2. HP: 16/24 MP: 2/2
   652 | D:1      | Reached XP level 3. HP: 27/29 MP: 3/3
  1100 | D:2      | Reached skill level 1 in Dodging
  1305 | D:2      | Gained mutation: You have sharp toenails. [demonic
                  | ancestry]
  1305 | D:2      | Reached XP level 4. HP: 31/35 MP: 4/4
  1366 | D:2      | Noticed Jessica
  1369 | D:2      | Killed Jessica
  1488 | D:2      | Noticed an ogre
  1521 | D:2      | Found a runed translucent door.
  1522 | D:2      | Noticed Crazy Yiuf
  1545 | D:2      | Noticed Natasha
  1555 | D:2      | Killed Natasha
  1751 | D:2      | Noticed Natasha
  1759 | D:2      | Killed Natasha
  1759 | D:2      | Reached XP level 5. HP: 39/41 MP: 5/5
  1787 | D:2      | Noticed Natasha
  1798 | D:2      | Killed Natasha
  1798 | D:2      | Reached skill level 1 in Polearms
  1946 | D:2      | Killed Crazy Yiuf
  2184 | D:3      | Noticed Sigmund
  2197 | D:3      | Killed Sigmund
  2197 | D:3      | Reached skill level 2 in Polearms
  2197 | D:3      | Gained mutation: You are mostly covered in large bone
                  | plates. (SH +6) [demonic ancestry]
  2197 | D:3      | Reached XP level 6. HP: 25/47 MP: 6/6
  2776 | D:4      | Reached skill level 3 in Polearms
  2784 | D:4      | Gained mutation: Your flesh is cold resistant. (rC+)
                  | [demonic ancestry]
  2784 | D:4      | Reached XP level 7. HP: 32/53 MP: 7/7
  3183 | D:4      | Found a glowing drain.
  3190 | Sewer    | Entered a sewer
  3617 | D:4      | Reached skill level 4 in Polearms
  3650 | D:4      | Found a snail-covered altar of Cheibriados.
  3673 | D:4      | Reached skill level 1 in Stealth
  3889 | D:4      | Got a shimmering whip
  3912 | D:5      | Entered Level 5 of the Dungeon
  4138 | D:5      | Gained mutation: You are immune to freezing clouds.
                  | [demonic ancestry]
  4138 | D:5      | Reached XP level 8. HP: 58/60 MP: 8/8
  4322 | D:5      | Reached skill level 5 in Polearms
  4322 | D:5      | Reached skill level 5 in Shields
  4613 | D:5      | Found Uzais's Distillery.
  4625 | D:5      | Bought a potion of curing for 33 gold pieces
  4625 | D:5      | Bought a potion of curing for 33 gold pieces
  4625 | D:5      | Bought a potion of curing for 33 gold pieces
  5045 | D:5      | Reached skill level 6 in Polearms
  5467 | D:6      | Noticed Eustachio
  5493 | D:6      | Killed Eustachio
  5493 | D:6      | Gained mutation: You have razor-sharp toenails. [demonic
                  | ancestry]
  5493 | D:6      | Reached XP level 9. HP: 46/66 MP: 9/9
  5651 | D:6      | Found a staircase to the Ecumenical Temple.
  5660 | Temple   | Entered the Ecumenical Temple
  5727 | Temple   | Became a worshipper of the Wu Jian Council
  6124 | D:6      | Identified a scroll of acquirement
  6124 | D:6      | Acquired a +4 vampiric demon trident
  6137 | D:7      | Noticed Joseph
  6409 | D:7      | Noticed a deep elf mage
  6692 | D:7      | Reached skill level 7 in Polearms
  6692 | D:7      | Reached skill level 5 in Armour
  6705 | D:7      | Killed Joseph
  6780 | D:7      | Noticed a four-headed hydra
  6901 | D:6      | Reached skill level 8 in Polearms
  7082 | D:7      | Reached * piety under Wu Jian
  7297 | D:7      | Noticed a gargoyle
  7309 | D:7      | Killed a gargoyle
  7318 | D:7      | Noticed a seven-headed hydra
  7333 | D:6      | Killed a four-headed hydra
  7333 | D:6      | Reached skill level 5 in Fighting
  7333 | D:6      | Reached skill level 9 in Polearms
  7333 | D:6      | Gained mutation: When hurt, damage is shared between your
                  | health and your magic reserves. [demonic ancestry]
  7333 | D:6      | Reached XP level 10. HP: 12/74 MP: 10/10
  7618 | D:7      | Killed a seven-headed hydra
  7763 | D:7      | Killed a deep elf mage
  7972 | D:7      | Found a blossoming altar of Fedhas.
  8037 | D:7      | Identified Sif Muna's Volume of the Mountains
  8087 | D:7      | Reached skill level 10 in Polearms
  8422 | D:8      | Noticed Maggie
  8434 | D:8      | Killed Maggie
  8569 | D:8      | Reached ** piety under Wu Jian
  8649 | D:8      | Reached XP level 11. HP: 81/81 MP: 9/11
  8704 | D:8      | Got a distressingly furry ring mail
  8705 | D:8      | Identified the +1 ring mail of the Spheres {Dex+5} (You
                  | found it on level 8 of the Dungeon)
  8984 | D:9      | Found a staircase to the Orcish Mines.
  8987 | Orc:1    | Entered Level 1 of the Orcish Mines
  9394 | Orc:2    | Entered Level 2 of the Orcish Mines
  9643 | Orc:2    | Reached skill level 11 in Polearms
  9653 | Orc:2    | Reached *** piety under Wu Jian
  9726 | Orc:2    | Found a runed translucent door.
  9733 | Orc:2    | Found the +10 tower shield of Ignorance {rN+ Int-4}
  9747 | Orc:2    | Found a runed translucent door.
  9749 | Orc:2    | Noticed an orange crystal statue
  9750 | Orc:2    | Found a staircase to the Elven Halls.
  9755 | Orc:2    | Noticed an orange crystal statue
  9755 | Orc:2    | Noticed an orange crystal statue
  9755 | Orc:2    | Noticed an orange crystal statue
  9756 | Orc:2    | Noticed an orc knight
  9791 | Orc:2    | Noticed an orc high priest
  9795 | Orc:2    | Noticed a sun demon
  9805 | Orc:2    | Demolished by a sun demon

Illustrated notes

Levels and vault maps discovered:
D:1:      dpeg_arrival_round_b, layout_loops_ring, st_stairs_8, moated_statue,
          minmay_rat_gold_closets
D:2:      layout_basic, fountainhead, lightli_corner_chamber, uniq_natasha,
          uniq_crazy_yiuf_cottage, uniq_jessica
D:3:      layout_rooms, minivault_25, uniq_sigmund
D:4:      layout_cave_pools, kennysheep_slug_shrine, gup_sewer_entry_pipe,
          first_ration
D:5:      layout_gridville, serial_shops, shop_fountains
D:6:      layout_basic, minmay_temple_entry_glass,
          chequers_serial_rivers_room_b, uniq_eustachio
D:7:      minmay_the_grid_triangle_9x9_recursive_2
          [minmay_the_grid_triangle_9x9_prize_top_heavy,
          minmay_the_grid_triangle_9x9_shrine,
          minmay_the_grid_triangle_9x9_flanged_cone,
          minmay_the_grid_triangle_9x9_semitri], layout_cave_pools,
          enter_bailey_3, grunt_livestock, uniq_joseph
D:8:      layout_gridville, uniq_maggie
D:9:      layout_rooms, due_lair_maze_entry_diamond, orc_0_dummy, serial_shops,
          nicolae_shop_stone, grunt_ministairs_1, uniq_grum
Temple:   compressed_dpeg_circular_temple
Orc:1:    layout_caves
Orc:2:    st_orc_ogre_mass, layout_diamond_mine, nicolae_volcano_entry_hallway,
          serial_shops, nicolae_shop_behind_doors, ebering_ghost_xom,
          chequers_guarded_unrand_ignorance, uniq_snorg, uniq_donald,
          uniq_nessos, uniq_josephine

Skill      XL: |  1  2  3  4  5  6  7  8  9 10 11 |
---------------+----------------------------------+-----
Armour         | 3 4 6 |  6.7
Long Blades    | 2 |  2.5
Shields        | 3 4 5 7 |  7.8
Dodging        | 1 2 |  2.8
Polearms       | 2 3 4 6 9 10 11 | 11.0
Stealth        | 1 2 |  2.0
Fighting       | 4 5 6 |  6.5

Action                   |  1- 3 |  4- 6 |  7- 9 | 10-12 || total
-------------------------+-------+-------+-------+-------++-------
Melee: Long sword        |   171 |    10 |       |       ||   181
       Spear             |       |    99 |   407 |       ||   506
       Kick              |       |    21 |   132 |    67 ||   220
       Demon trident     |       |       |   139 |   298 ||   437
Invok: Lunge             |       |       |     2 |     1 ||     3
       Whirlwind         |       |       |     1 |    23 ||    24
  Use: Potion            |     3 |       |     7 |     2 ||    12
       Scroll            |     1 |    12 |     9 |     2 ||    24
  Eat: Chunk             |     2 |     4 |     7 |     3 ||    16
       Ration            |       |       |     3 |     2 ||     5
Armor: Scale mail        |    67 |    24 |    28 |       ||   119
       Plate armour      |       |       |   182 |    75 ||   257
Dodge: Dodged            |    55 |    16 |    96 |    52 ||   219
Block: Kite shield       |   117 |    67 |   464 |   182 ||   830
       Rpst.: Long sword |    15 |     2 |       |       ||    17
